 Dungeon Crawl Stone Soup version 0.30-a0-859-gf88a04b62d (webtiles) character file.

Game seed: 4886557201044285648

74 Mickster the Sneak (level 3, -3/29 HPs)
             Began as a Demigod Brigand on Mar 6, 2023.
             Slain by a gnoll
             ... wielding a +0 club
              (6 damage)
             ... on level 2 of the Dungeon.
             The game lasted 00:11:19 (1172 turns).

Mickster the Sneak (Demigod Brigand)                Turns: 1172, Time: 00:11:20

Health: -3/29      AC:  4    Str: 16    XL:     3   Next: 86%
Magic:  5/5        EV: 11    Int: 13    God:
Gold:   104        SH:  0    Dex: 15    Spells: 2/2 levels left

rFire   . . .      SeeInvis .    a - +2 dagger
rCold   . . .      Faith    .    (no shield)
rNeg    . . .      Spirit   .    g - +0 leather armour
rPois   .          Reflect  .    (no helmet)
rElec   .          Rampage  .    c - +0 cloak
rCorr   .                        (no gloves)
Will    .....                    (no boots)
Stlth   ++                       (no amulet)
HPRegen 0.24/turn                (no ring)
MPRegen 0.09/turn                (no ring)

@: no status effects
A: high MP 1, forlorn, divine attributes
a: no special abilities


You were on level 2 of the Dungeon.
You visited 1 branch of the dungeon, and saw 2 of its levels.

You collected 104 gold pieces.

Inventory:

Hand Weapons
 a - a +2 dagger (weapon)
 i - a +0 mace
 j - a +0 war axe
Missiles
 d - 9 poisoned darts (quivered)
 f - 4 stones
Armour
 b - a +0 robe
 c - a +0 cloak (worn)
 g - a +0 leather armour (worn)


   Skills:
 + Level 2.1 Fighting
 + Level 2.2 Short Blades
 + Level 2.0 Throwing
 + Level 1.0 Armour
 + Level 1.3 Dodging
 + Level 4.3 Stealth


You had 2 spell levels left.
You didn't know any spells.
Your spell library was empty.

Dungeon Overview and Level Annotations

Branches:
Dungeon (2/15)


Innate Abilities, Weirdness & Mutations

You have an increased reservoir of magic. (+10% MP)
You shall have no god before yourself.
Your divine heritage dramatically boosts your attributes as you level up.


Message History

The gnoll is moderately wounded.
You hit the gnoll.
The gnoll is severely wounded.
The gnoll barely misses you.
You closely miss the gnoll.
The gnoll is severely wounded.
The gnoll barely misses you. x2
You hit the gnoll but do no damage.
The gnoll is severely wounded.
The bat hits you but does no damage. The gnoll hits you with a +0 club. x2
You hit the gnoll.
You kill the gnoll!
The bat barely misses you. The gnoll hits you with a +0 club!
Your Armour skill increases to level 1!
You hit the gnoll.
The gnoll is lightly wounded.
The bat barely misses you. The gnoll hits you with a +0 club.
You hit the gnoll.
The gnoll is lightly wounded.
The bat barely misses you.
You hit the gnoll.
The gnoll is heavily wounded.
The bat barely misses you. The gnoll hits you but does no damage.
The bat closely misses you.
You hit the gnoll.
The gnoll is heavily wounded.
The bat hits you but does no damage. The gnoll hits you with a +0 club.
* * * LOW HITPOINT WARNING * * *
You hit the gnoll.
The gnoll is severely wounded.
The gnoll barely misses you.
You hit the gnoll.
The gnoll is almost dead.
The bat barely misses you. The bat closely misses you.
The gnoll hits you with a +0 club.
* * * LOW HITPOINT WARNING * * *
You hit the gnoll but do no damage.
The gnoll is almost dead.
The bat closely misses you. x2; The gnoll hits you with a +0 club.
You die...

....
#.............#
....
#.......##.#####
..[
#..............#
..
#..............#
#######........#
#........#
#........#
#........#
####@#####
......gb.#
......(..#
.........#
.........#
......####
..#### #>


You could see a gnoll and a bat.

Vanquished Creatures
  2 gnolls (D:2)
  An adder (D:2)
  A worm (D:2)
  A dart slug (D:1)
  6 endoplasms
  2 goblins (D:1)
  3 hobgoblins (D:1)
  4 jackals (D:2)
  A quokka (D:1)
  4 ball pythons
  6 bats
  2 frilled lizards (D:1)
  2 kobolds (D:1)
  6 rats
41 creatures vanquished.

Notes
Turn   | Place    | Note
-------+----------+-------------------------------------------
     0 | D:1      | Mickster the Demigod Brigand began the quest for the Orb.
     0 | D:1      | Reached XP level 1. HP: 17/17 MP: 3/3
   221 | D:1      | Reached XP level 2. HP: 19/24 MP: 4/4
   234 | D:1      | Reached skill level 4 in Stealth
   281 | D:1      | Reached skill level 1 in Dodging
   889 | D:2      | Reached XP level 3. HP: 26/29 MP: 5/5
  1166 | D:2      | Reached skill level 1 in Armour
  1172 | D:2      | Slain by a gnoll

Illustrated notes

Levels and vault maps discovered:
D:1:      mrwooster_arrival_arrow, layout_basic, basic_ecumenical_altar,
          minmay_stone_trees_medium
D:2:      layout_basic, minmay_misc_feat_tower

Skill      XL: |  1  2  3 |
---------------+----------+-----
Throwing       | 2 |  2.0
Stealth        | 4 |  4.3
Short Blades   | 2 |  2.2
Dodging        | 1 |  1.3
Fighting       | 2 |  2.1
Armour         | 1 |  1.0

Action                     || total
---------------------------++-------
  Melee: Dagger            ||   133
         Punch             ||     1
  Throw: Dart              ||     3
    Use: Potion            ||     2
   Stab: Sleeping          ||     3
         Distracted        ||     1
 Armour: Robe              ||     5
         Leather armour    ||    46
  Dodge: Dodged            ||    94

Table legend: (Time is in decaauts)
 A = Elapsed time spent in this place.
 B = Non-inter-level travel time spent in this place.
 C = Inter-level travel time spent in this place.
 D = Time resting spent in this place.
 E = Time spent auto-exploring this place.
 F = Levels seen in this place.
 G = Mean time per level.
                   A        B        C        D        E       F      G
               +--------+--------+--------+--------+--------+-----+--------+
         Total |   1158 |   1118 |     40 |    190 |      0 |   2 |  579.0 |
       Dungeon |   1158 |   1118 |     40 |    190 |      0 |   2 |  579.0 |
               +--------+--------+--------+--------+--------+-----+--------+

Top non-repeatable levels by time:
     D:1: 755 daAuts
     D:2: 403 daAuts
